 Dungeon Crawl Stone Soup version 0.26-a0-466-g989023bd0d (webtiles) character file.

Game seed: 12413152575702556267

193 Ishchenko the Slasher (level 6, -16/48 HPs)
             Began as a Human Berserker on July 29, 2020.
             Was a Believer of Trog.
             Killed from afar by a jackal (25 damage)
             ... with an exploding inner flame
             ... hexed by the player character
             ... on level 3 of the Dungeon.
             The game lasted 00:10:00 (2241 turns).

Ishchenko the Slasher (Human Berserker)             Turns: 2241, Time: 00:10:01

Health: -16/48     AC:  6    Str: 26    XL:     6   Next: 3%
Magic:  6/6        EV: 12    Int:  7    God:    Trog [**....]
Gold:   107        SH:  0    Dex: 12    Spells: 5/5 levels left

rFire    . . .     SeeInvis .   k - +0 dagger (venom)
rCold    . . .     Faith    .   (no shield)
rNeg     . . .     Spirit   .   e - +0 ring mail
rPois    .         Reflect  .   (no helmet)
rElec    .         Harm     .   (no cloak)
rCorr    .         Rnd*Tele +   (no gloves)
MR       .....                  o - +0 pair of boots
Stlth    +.........             (no amulet)
HPRegen  0.16/turn              i - +6 ring of strength
MPRegen  0.10/turn              m - ring of teleportation

@: mighty
A: no striking features
a: Berserk, Trog's Hand, Renounce Religion


You were on level 3 of the Dungeon.
You worshipped Trog.
Trog was pleased with you.
You visited 1 branch of the dungeon, and saw 3 of its levels.

You collected 107 gold pieces.

Inventory:

Hand Weapons
 a - a +0 falchion
 k - a +0 dagger of venom (weapon)
Armour
 b - a +0 animal skin
 e - a +0 ring mail (worn)
 o - a +0 pair of boots (worn)
Jewellery
 i - a +6 ring of strength (left hand)
 m - a ring of teleportation (right hand)
Scrolls
 c - a scroll of immolation
 d - a scroll of identify
 f - a scroll of enchant weapon
 j - a scroll of remove curse


   Skills:
 + Level 3.8 Fighting
 + Level 2.0(3.1) Short Blades
 + Level 3.8(4.1) Long Blades
 + Level 3.5 Armour
 + Level 2.5 Dodging
 + Level 0.2 Stealth


You had 5 spell levels left.
You didn't know any spells.
Your spell library contained the following spells:

 Spells                   Type           Power        Failure   Level
 Animate Skeleton         Necr           #.....       56%         1


Dungeon Overview and Level Annotations

Branches:
Dungeon (3/15)

Altars:
Kikubaaqudgha
Sif Muna
Vehumet


Message History

You feel as if something is helping you.
It was a scroll of remove curse.
The jackal bites you but does no damage. x2
The kobold barely misses you. The orc closely misses you. The jackal bites you.
* * * LOW HITPOINT WARNING * * *
As you read the scroll labeled AZEFOAROPS, it crumbles to dust.
It is a scroll of amnesia.
You feel forgetful for a moment.
The jackal bites you but does no damage.
The jackal closely misses you. The kobold barely misses you.
The jackal barely misses you. The orc barely misses you.
You hit the jackal but do no damage.
The jackal is poisoned.
Flame seeps out of the jackal.
The jackal closely misses you.
The jackal is engulfed in blazing flames.
The jackal explodes!
The fiery explosion engulfs the jackal!!!
The jackal explodes!
The fiery explosion engulfs you!!
Ouch! That really hurt!
You die...

.### ....
.....
.... o..#
###o..###
#.oo....#
#@Kho....
#○§§.....
##§...#.#
....#
.....<..
#.#####..
#.# . #.#
#.#


You could see 5 orcs, a jackal (inner flame) and a kobold (inner flame).

Vanquished Creatures
  A bullfrog skeleton (D:2)
  An orc priest (D:3)
  Jessica (D:2)
  An orc wizard (D:3)
  An adder (D:2)
  An ooze (D:2)
  A worm (D:3)
  A dart slug (D:2)
  3 leopard geckos (D:2)
  2 orcs (D:3)
  7 bats
  4 giant cockroaches (D:2)
  11 goblins
  8 hobgoblins (D:2)
  3 jackals (D:3)
  A quokka (D:2)
  7 frilled lizards
  4 kobolds
  5 rats
63 creatures vanquished.

Notes
Turn   | Place    | Note
-------+----------+-------------------------------------------
     0 | D:1      | Ishchenko the Human Berserker began the quest for the Orb.
     0 | D:1      | Reached XP level 1. HP: 18/18 MP: 1/1
   290 | D:1      | Reached XP level 2. HP: 22/24 MP: 2/2
   850 | D:2      | Noticed Jessica
   860 | D:2      | Reached XP level 3. HP: 29/29 MP: 3/3
   862 | D:2      | Killed Jessica
   865 | D:2      | Reached XP level 4. HP: 35/35 MP: 4/4
  1041 | D:2      | Reached ** piety under Trog
  1541 | D:2      | Reached XP level 5. HP: 42/42 MP: 5/5
  1742 | D:2      | Reached skill level 1 in Short Blades
  1863 | D:2      | Found an ancient bone altar of Kikubaaqudgha.
  1868 | D:2      | Found a shimmering blue altar of Sif Muna.
  1873 | D:2      | Found a radiant altar of Vehumet.
  1878 | D:2      | Identified Kikubaaqudgha's Almanac of Darkness
  2225 | D:3      | Reached XP level 6. HP: 16/48 MP: 6/6
  2241 | D:3      | Killed from afar by a jackal

Illustrated notes

Levels and vault maps discovered:
D:1:      scummos_arrival_hexagon, layout_rooms
D:2:      cheibrodos_greedy_goblins, layout_basic,
          grunt_temple_overflow_magic_moments, uniq_jessica
D:3:      layout_loops_ring, grunt_gozag_statues, grunt_ministairs_11,
          uniq_natasha, uniq_robin

Skill      XL: |  1  2  3  4  5 |
---------------+----------------+-----
Armour         | 3 |  3.5
Short Blades   | 2 |  2.0
Fighting       | |  3.8
Long Blades    | |  3.8
Dodging        | |  2.5
Stealth        | |  0.2

Action                   |  1- 3 |  4- 6 || total
-------------------------+-------+-------++-------
Melee: Falchion          |    23 |       ||    23
       Dagger            |    36 |   160 ||   196
Invok: Berserk           |     1 |     1 ||     2
  Use: Scroll            |       |     5 ||     5
       Potion            |       |     2 ||     2
Armor: Ring mail         |    23 |    55 ||    78
Dodge: Dodged            |    57 |   110 ||   167
       Rpst.: Falchion   |     7 |       ||     7

Table legend: (Time is in decaauts)
 A = Elapsed time spent in this place.
 B = Non-inter-level travel time spent in this place.
 C = Inter-level travel time spent in this place.
 D = Time resting spent in this place.
 E = Time spent auto-exploring this place.
 F = Levels seen in this place.
 G = Mean time per level.
                   A        B        C        D        E       F      G
               +--------+--------+--------+--------+--------+-----+--------+
         Total |   2233 |   2186 |     47 |    590 |   1158 |   3 |  744.3 |
       Dungeon |   2233 |   2186 |     47 |    590 |   1158 |   3 |  744.3 |
               +--------+--------+--------+--------+--------+-----+--------+

Top non-repeatable levels by time:
     D:2: 1332 daAuts
     D:1: 830 daAuts
     D:3: 71 daAuts
